 Dungeon Crawl Stone Soup version 0.29.0-15-g675c0067aa (webtiles) character file.

Game seed: 11843402778553647669

410 qw the Chopper (level 6, -1/39 HPs)
             Began as a Gargoyle Fighter on Sept 12, 2022.
             Slain by an ogre
             ... wielding a +0 giant club
              (12 damage)
             ... on level 5 of the Dungeon.
             The game lasted 00:01:29 (4336 turns).

qw the Chopper (Gargoyle Fighter)                   Turns: 4336, Time: 00:01:30

Health: -1/39      AC: 19    Str: 22    XL:     6   Next: 89%
Magic:  6/6        EV:  7    Int:  8    God:
Gold:   236        SH:  4    Dex:  9    Spells: 5/5 levels left

rFire   + + .      SeeInvis .   Y - +0 war axe
rCold   . . .      Faith    .   c - +0 buckler
rNeg    + . .      Spirit   .   j - +0 chain mail
rPois   inf        Reflect  .   i - +0 helmet
rElec   +          Harm     .   (no cloak)
rCorr   .          Rampage  .   g - +0 pair of gloves
Will    .....                   e - +2 pair of boots
Stlth   ..........              a - amulet of the acrobat
HPRegen 0.13/turn               b - ring of protection from fire
MPRegen 0.10/turn               q - ring "Gulocief" {rPois rF+}

@: no status effects
A: sickness immunity, AC +4, negative energy resistance 1, electricity
resistance, torment resistance 1, petrification resistance
a: no special abilities


You were on level 5 of the Dungeon.
You visited 2 branches of the dungeon, and saw 6 of its levels.

You collected 316 gold pieces.
You spent 80 gold pieces at shops.


Innate Abilities, Weirdness & Mutations

You are immune to sickness and miasma.
Your stone body is resilient. (AC +4)
You are immune to poison.
You resist negative energy. (rN+)
You are resistant to electric shocks. (rElec)
You are resistant to unholy torment.
You are immune to petrification.


   Skills:
 - Level 4.4 Fighting
 - Level 6.0 Axes
 - Level 3.2 Armour
 + Level 0.0 Dodging
 - Level 3.2 Shields


You had 5 spell levels left.
You didn't know any spells.
Your spell library was empty.

Inventory:

Hand Weapons
 m - a +0 flail of draining
 Y - a +0 war axe (weapon)
Missiles
 o - 5 boomerangs (quivered)
Armour
 c - a +0 buckler (worn)
 e - a +2 pair of boots (worn)
 g - a +0 pair of gloves (worn)
 i - a +0 helmet (worn)
 j - a +0 chain mail (worn)
 u - a +0 cloak
Jewellery
 a - an amulet of the acrobat (around neck)
 b - a ring of protection from fire (left hand)
 p - an amulet of regeneration
 q - the ring "Gulocief" (right hand) {rPois rF+}
   (You found it on level 3 of the Dungeon)

   [ring of poison resistance]

   rF:        It protects you from fire.
   rPois:     It protects you from poison.
Scrolls
 h - 7 scrolls of identify
 s - a scroll of fear {unknown}
 t - a scroll of vulnerability {unknown}
Potions
 d - a potion of might
 f - a potion of cancellation
 k - 3 potions of curing
 l - a potion of haste
 n - 2 potions of heal wounds
 r - 2 potions of attraction {unknown}

Dungeon Overview and Level Annotations

Branches:
Dungeon (5/15)             Temple (1/1) D:4

Altars:
Cheibriados
Dithmenos
Gozag
Makhleb
Uskayaw
Vehumet
Xom
Zin
The Shining One

Shops:
D:2 =   D:4 (   D:5 ?


Message History

The hound bites you but does no damage. The hound barely misses you.
You miss the hound.
The hound is severely wounded.
You hit the ogre but do no damage.
The hound bites you but does no damage. x2
The ogre hits you but does no damage.
You completely miss the hound.
The hound is severely wounded.
You slash the ogre! The hound bites you but does no damage.
The hound barely misses you. The ogre barely misses you.
You closely miss the hound.
The hound is severely wounded.
You barely miss the ogre. The hound bites you. The hound barely misses you.
You barely miss the hound.
The hound is severely wounded.
You hit the ogre. The ogre closely misses you.
The hound bites you but does no damage.
You barely miss the hound.
The hound is severely wounded.
You hit the ogre. The hound bites you but does no damage.
You block the hound's attack. The ogre barely misses you.
You closely miss the hound.
The hound is severely wounded.
You hit the ogre but do no damage. The hound bites you but does no damage.
You block the hound's attack. The ogre hits you with a +0 giant club!
You hit the hound.
The hound is almost dead.
You slash the ogre! You block the hound's attack.
The hound bites you but does no damage.
The ogre hits you with a +0 giant club!!
You closely miss the hound.
The hound is almost dead.
You barely miss the ogre. The hound closely misses you.
The hound bites you but does no damage. The ogre hits you with a +0 giant club!
You die...

######.#.......###(# ...
#...#.....###.## .. #
#..####...(....### .# .#
####..####.##.##....###/###.
##......# ..##..##.#[##..#..
##..####....#!...##.#....##.#
...## ..###....##.###..#>.#
.###... .## #..hO##.###..#.#
.....# .# #@##........####
..#### #.#####.###....#
...... #.###.......##.#
..#### #####...#.#.....# .#
.## #.........##....# # .#
#.#####..###....# .#
##..##...\# .. ##.##..?.#
.##....#


You could see an ogre and a hound.

Vanquished Creatures
  2 scorpions (D:4)
  2 hounds
  A jelly (D:4)
  An iguana (D:4)
  8 adders
  4 worms
  5 dart slugs
  6 orcs
  4 endoplasms
  6 giant cockroaches
  5 goblins
  8 hobgoblins
  3 quokkas
  13 ball pythons
  3 bats
  3 frilled lizards
  5 kobolds
  9 rats
88 creatures vanquished.

Notes
Turn   | Place    | Note
-------+----------+-------------------------------------------
     0 | D:1      | qw the Gargoyle Fighter began the quest for the Orb.
     0 | D:1      | Reached XP level 1. HP: 14/14 MP: 1/1
     0 | D:1      | 0 ||| qw: Version: 0.1-a-119-g272c26d
     0 | D:1      | 0 ||| qw: Game counter: 11046
     0 | D:1      | 0 ||| qw: Always use a shield: true
     0 | D:1      | 0 ||| qw: God list: Okawaru
     0 | D:1      | 0 ||| qw: Allow faded altars: false
     0 | D:1      | 0 ||| qw: Do Orc after D:15 true
     0 | D:1      | 0 ||| qw: Do second Lair branch before Depths: true
     0 | D:1      | 0 ||| qw: Lair rune preference: random
     0 | D:1      | 0 ||| qw: Plans: Normal, Zot, God:TSO, Crypt, Tomb, Pan,
                  | Slime, Hells, Zig, Abyss, Orb
     0 | D:1      | 0 ||| PLANNING D:1-11
    64 | D:1      | Reached skill level 2 in Axes
    91 | D:1      | 91 ||| Stepping ~*~*~tactically~*~*~ (hiding).
   233 | D:1      | Reached XP level 2. HP: 18/19 MP: 2/2
   554 | D:1      | Reached skill level 3 in Axes
   926 | D:1      | 926 ||| UPGRADING to +0 chain mail.
   936 | D:1      | 936 ||| DROPPING +0 scale mail.
   937 | D:1      | 937 ||| READING scroll labelled CITHRADW ZI SYLIDUA.
  1038 | D:1      | 1038 ||| READING scroll labelled MUCKIM KIZO.
  1039 | D:1      | 1039 ||| READING 5 scrolls labelled PIAMAF AHUFIEKH.
  1040 | D:1      | 1040 ||| READING scroll labelled UKHECS FIPREOTT.
  1041 | D:1      | 1041 ||| READING 4 scrolls of identify.
  1041 | D:1      | 1041 ||| IDENTIFYING fizzy pink potion
  1042 | D:1      | 1042 ||| READING 3 scrolls of identify.
  1042 | D:1      | 1042 ||| IDENTIFYING bubbling orange potion
  1043 | D:1      | 1043 ||| READING 2 scrolls of identify.
  1043 | D:1      | 1043 ||| IDENTIFYING sapphire potion
  1044 | D:1      | 1044 ||| DROPPING potion of berserk rage.
  1045 | D:1      | 1045 ||| DROPPING potion of ambrosia.
  1108 | D:2      | 1108 ||| Stepping ~*~*~tactically~*~*~ (stealth).
  1112 | D:2      | 1112 ||| Stepping ~*~*~tactically~*~*~ (stealth).
  1113 | D:2      | 1113 ||| Stepping ~*~*~tactically~*~*~ (stealth).
  1209 | D:2      | 1209 ||| DROPPING +0 club.
  1214 | D:2      | Reached XP level 3. HP: 20/23 MP: 3/3
  1377 | D:2      | 1377 ||| Stepping ~*~*~tactically~*~*~ (stealth).
  1773 | D:2      | 1773 ||| Stepping ~*~*~tactically~*~*~ (stealth).
  1787 | D:2      | Reached XP level 4. HP: 20/28 MP: 4/4
  1869 | D:2      | Found Zaijump's Jewellery Boutique.
  1887 | D:2      | 1887 ||| SHOPLISTING amulet "Gueterom" {rPois rC+ Will+
                  | Regen+ Str+2} (696 gold, have 62).
  1887 | D:2      | 1887 ||| SHOPLISTING amulet of guardian spirit (360 gold,
                  | have 62).
  1887 | D:2      | 1887 ||| SHOPLISTING amulet of reflection (360 gold, have
                  | 62).
  1887 | D:2      | 1887 ||| SHOPLISTING ring of positive energy (240 gold,
                  | have 62).
  1887 | D:2      | 1887 ||| SHOPLISTING ring of protection from cold (300
                  | gold, have 62).
  1942 | D:2      | Reached skill level 4 in Axes
  2040 | D:2      | 2040 ||| UPGRADING to +2 pair of boots.
  2045 | D:2      | 2045 ||| UPGRADING to +0 pair of gloves.
  2050 | D:2      | 2050 ||| UPGRADING to amulet of the acrobat.
  2055 | D:2      | 2055 ||| READING scroll labelled ZAUPRO AKHAS.
  2056 | D:2      | 2056 ||| DRINKING 2 cyan potions.
  2057 | D:2      | 2057 ||| DRINKING 3 inky potions.
  2058 | D:2      | 2058 ||| READING 3 scrolls of identify.
  2058 | D:2      | 2058 ||| IDENTIFYING bubbling pink potion
  2059 | D:2      | 2059 ||| DROPPING potion of degeneration.
  2103 | D:3      | 2103 ||| STAIRDANCE
  2108 | D:3      | 2108 ||| STAIRDANCE
  2184 | D:3      | Found a faded altar of an unknown god.
  2340 | D:3      | 2340 ||| Stepping ~*~*~tactically~*~*~ (stealth).
  2407 | D:3      | 2407 ||| DROPPING +0 mace.
  2503 | D:3      | Reached XP level 5. HP: 32/32 MP: 5/5
  2510 | D:3      | 2510 ||| Stepping ~*~*~tactically~*~*~ (stealth).
  2606 | D:3      | Identified the ring "Gulocief" {rPois rF+}
  2667 | D:3      | 2667 ||| DROPPING amulet of magic regeneration.
  2668 | D:3      | 2668 ||| UPGRADING to ring of protection from fire.
  2669 | D:3      | 2669 ||| UPGRADING to ring "Gulocief" {rPois rF+}.
  2670 | D:3      | 2670 ||| DROPPING ring of wizardry.
  2671 | D:3      | 2671 ||| READING 4 scrolls of identify.
  2671 | D:3      | 2671 ||| IDENTIFYING fuming blue potion
  2889 | D:4      | Reached skill level 5 in Axes
  3082 | D:4      | 3082 ||| Stepping ~*~*~tactically~*~*~ (stealth).
  3083 | D:4      | 3083 ||| Stepping ~*~*~tactically~*~*~ (stealth).
  3106 | D:4      | Reached XP level 6. HP: 39/39 MP: 6/6
  3241 | D:4      | 3241 ||| Stepping ~*~*~tactically~*~*~ (stealth).
  3293 | D:4      | Found a hide-covered altar of Uskayaw.
  3492 | D:4      | Found a staircase to the Ecumenical Temple.
  3493 | D:4      | 3493 ||| PLANNING TEMPLE
  3493 | D:4      | 3493 ||| READING scroll labelled ITEFUO INODD.
  3496 | D:4      | 3496 ||| READING 5 scrolls of identify.
  3496 | D:4      | 3496 ||| IDENTIFYING coppery potion
  3497 | D:4      | 3497 ||| READING 4 scrolls of identify.
  3497 | D:4      | 3497 ||| IDENTIFYING green potion
  3498 | D:4      | 3498 ||| DROPPING potion of brilliance.
  3499 | D:4      | 3499 ||| DROPPING potion of invisibility.
  3543 | Temple   | Entered the Ecumenical Temple
  3698 | Temple   | 3698 ||| PLANNING D:1-11
  3862 | D:4      | Found Poweog's Weapon Shoppe.
  4072 | D:4      | 4072 ||| UPGRADING to +0 helmet.
  4082 | D:5      | Entered Level 5 of the Dungeon
  4194 | D:5      | Reached skill level 6 in Axes
  4298 | D:5      | Found Coqaakes's Magic Scroll Shoppe.
  4309 | D:5      | 4309 ||| BUYING scroll of identify (20 gold).
  4309 | D:5      | Bought a scroll of identify for 20 gold pieces
  4309 | D:5      | 4309 ||| BUYING scroll of identify (20 gold).
  4309 | D:5      | Bought a scroll of identify for 20 gold pieces
  4309 | D:5      | 4309 ||| BUYING scroll of identify (20 gold).
  4309 | D:5      | Bought a scroll of identify for 20 gold pieces
  4309 | D:5      | 4309 ||| BUYING scroll of identify (20 gold).
  4309 | D:5      | Bought a scroll of identify for 20 gold pieces
  4336 | D:5      | Slain by an ogre

Levels and vault maps discovered:
D:1:      co_arrival_random_square_maze, layout_loops_ring, st_stairs_8,
          minmay_misc_feat_x
D:2:      layout_basic, serial_shops, nicolae_shop_window_shopping, st_stairs_4
D:3:      layout_rooms, hellmonk_ecumenical_altar_inner_sanctum
D:4:      layout_cave_pods, nicolae_uskayaw_murder_on_the_dancefloor,
          minmay_temple_entry_glass, serial_shops, shop
D:5:      layout_rooms, kennysheep_mini_moat, serial_shops, shop
Temple:   nicolae_temple_bog_church

Skill      XL: |  1  2  3  4  5  6 |
---------------+-------------------+-----
Axes           | 2 3 4 5 6 |  6.0
Fighting       | 4 |  4.4
Armour         | |  3.2
Shields        | |  3.2

Action                   |  1- 3 |  4- 6 || total
-------------------------+-------+-------++-------
Melee: War axe           |   107 |   155 ||   262
Throw: Boomerang         |       |    46 ||    46
  Use: Scroll            |     7 |     6 ||    13
       Potion            |       |     2 ||     2
Armor: Scale mail        |    22 |       ||    22
       Chain mail        |    37 |    96 ||   133
Dodge: Dodged            |    52 |    65 ||   117
Block: Buckler           |    22 |    36 ||    58

Table legend:
 A = Non-vault XP
 B = Vault XP
 C = Vault XP percentage of total XP
 D = Non-vault monster count
 E = Vault monster count
 F = Vault count percentage of total count
                 A         B        C        D         E       F
            +---------+---------+-------+---------+---------+-------
      Total |     579 |       7 |   1.2 |      85 |       3 |   3.4
            +---------+---------+-------+---------+---------+-------
        D:1 |      26 |       4 |  13.3 |      18 |       1 |   5.3
        D:2 |      69 |       3 |   4.2 |      22 |       2 |   8.3
        D:3 |      83 |       0 |   0.0 |      22 |       0 |   0.0
        D:4 |     343 |       0 |   0.0 |      21 |       0 |   0.0
        D:5 |      58 |       0 |   0.0 |       2 |       0 |   0.0
            +---------+---------+-------+---------+---------+-------
